 Dungeon Crawl Stone Soup version 0.18.1-48-g4cf74bf (webtiles) character file.

91 miko the Chiller (level 4, 0/25 HPs)
             Began as a Deep Elf Ice Elementalist on July 2, 2016.
             Was an Initiate of Sif Muna.
             Slain by a gnoll
             ... wielding a +0 halberd
              (6 damage)
             ... on level 3 of the Dungeon.
             The game lasted 00:16:49 (1957 turns).

miko the Chiller (Deep Elf Ice Elementalist)        Turns: 1957, Time: 00:16:49

Health: 0/25       AC:  3    Str:  6    XL:     4   Next: 34%
Magic:  6/11       EV: 13    Int: 20    God:    Sif Muna [......]
Gold:   95         SH:  0    Dex: 15    Spells: 4 memorised, 0 levels left

rFire  . . .     SeeInvis .     j - +0 short sword
rCold  . . .     Gourm    .     a - +1 robe
rNeg   . . .     Faith    .     (no shield)
rPois  .         Spirit   .     (no helmet)
rElec  .         Dismiss  .     (no cloak)
rCorr  .         Reflect  .     (no gloves)
SustAt .         Harm     .     (no boots)
MR     .....                    (no amulet)
Stlth  ++........               (no ring)
                                (no ring)

@: not resistant to hostile enchantments, unstealthy
A: no striking features
a: Renounce Religion


You were on level 3 of the Dungeon.
You worshipped Sif Muna.
Sif Muna was noncommittal.
You were not hungry.

You visited 1 branch of the dungeon, and saw 3 of its levels.

You collected 95 gold pieces.

Inventory:

Hand Weapons
 f - a +5 mace of distortion
 h - a +0 long sword
 i - a +0 dagger
 j - a +0 short sword (weapon)
 o - a +0 hunting sling
 s - a +0 trident
Missiles
 d - 44 stones (quivered)
Armour
 a - a +1 robe (worn)
Wands
 g - a wand of iceblast (5/15)
Scrolls
 p - a scroll of fog
 t - a scroll of remove curse
Potions
 e - a potion of heal wounds {unknown}
 k - a potion of might {unknown}
 l - a potion of ambrosia {unknown}
 m - a potion of invisibility {unknown}
 n - a potion of degeneration {unknown}
 q - a potion of haste {unknown}
Books
 b - a book of Frost

   Spells                             Type                      Level
   a - Freeze                         Ice                          1
   b - Throw Frost                    Conjuration/Ice              2
   c - Ozocubu's Armour               Charms/Ice                   3
   d - Throw Icicle                   Conjuration/Ice              4
   e - Summon Ice Beast               Ice/Summoning                4
Comestibles
 c - a bread ration
 r - a beef jerky


   Skills:
 + Level 1.0 Fighting
 + Level 0.2 Short Blades
 - Level 1.1 Throwing
 + Level 3.3 Dodging
 + Level 2.6 Stealth
 + Level 3.7 Spellcasting
 + Level 1.4 Conjurations
 + Level 0.4 Charms
 + Level 0.7 Summonings
 + Level 3.7 Ice Magic


You couldn't memorise any spells.
You knew the following spells:

 Your Spells              Type           Power        Failure   Level  Hunger
a - Freeze                Ice            ###.         2%          1    None
b - Throw Frost           Conj/Ice       ##....       10%         2    ##.....
c - Ozocubu's Armour      Chrm/Ice       ##......     17%         3    ###....
d - Summon Ice Beast      Ice/Summ       ##......     58%         4    ####...


Dungeon Overview and Level Annotations

Branches:
Dungeon (3/15)

Altars:
Fedhas
Qazlal
Sif Muna
Vehumet


Message History

You slip out of the net!
The gnoll closely misses you.
Your magical contamination has completely faded away.
Casting: Freeze
Confirm with . or Enter, or press ? or * to list all spells.
Aiming: Freeze
Press: ? - help, Shift-Dir - straight line, f - jackal
Aim: a jackal You freeze the jackal.
The jackal is heavily wounded.
The jackal closely misses you.
The jackal bites you but does no damage.
Casting: Freeze
Confirm with . or Enter, or press ? or * to list all spells.
Aiming: Freeze
Press: ? - help, Shift-Dir - straight line, f/p - jackal
Aim: a jackal (heavily wounded)
You freeze the jackal.
You kill the jackal!
The gnoll hits you from afar with a halberd.
You die...

#######....##
............########
#.........)......#
####.###.....######.#
............>#<)..#.#
####..........#...#.#
###..####..#...#.#
#..####..#..##.# #
#.# #..†@....#...#.#
.# ..
#.g####.##...#.#..#
#.# #g§#
#.###.......# .. #§§#
#........#..# #.##
#g§# ########## # .
..# (#§§#
....####.##.#§.#
...hSg†g....#gh#
...######.###..#


You could see 2 gnolls.

Vanquished Creatures
  Terence (D:2)
  2 adders
  A worm (D:2)
  A dart slug (D:1)
  11 bats
  A giant cockroach (D:2)
  5 goblins
  8 hobgoblins
  2 jackals (D:3)
  4 kobolds
  A quokka (D:2)
  2 giant newts (D:2)
  4 rats
43 creatures vanquished.

Notes
Turn   | Place    | Note
--------------------------------------------------------------
     0 | D:1      | miko the Deep Elf Ice Elementalist began the quest for the Orb.
     0 | D:1      | Reached XP level 1. HP: 10/10 MP: 6/6
   307 | D:1      | Reached XP level 2. HP: 15/15 MP: 4/8
   375 | D:1      | Learned a level 2 spell: Throw Frost
   914 | D:1      | Reached skill level 1 in Throwing
  1070 | D:2      | Reached XP level 3. HP: 17/19 MP: 2/10
  1078 | D:2      | Learned a level 3 spell: Ozocubu's Armour
  1118 | D:2      | Noticed Terence
  1130 | D:2      | Killed Terence
  1315 | D:2      | Found a stormy altar of Qazlal.
  1327 | D:2      | Found a blossoming altar of Fedhas.
  1358 | D:2      | Reached XP level 4. HP: 19/24 MP: 9/11
  1397 | D:2      | Learned a level 4 spell: Summon Ice Beast
  1508 | D:2      | Found a radiant altar of Vehumet.
  1584 | D:2      | Found a deep blue altar of Sif Muna.
  1590 | D:2      | Became a worshipper of Sif Muna the Loreminder
  1608 | D:3      | Noticed a phantom
  1737 | D:2      | Found a blossoming altar of Fedhas.
  1934 | D:3      | Reached skill level 1 in Fighting
  1957 | D:3      | Slain by a gnoll

Skill      XL: |  1  2  3  4 |
---------------+-------------+-----
Throwing       | 1 |  1.1
Dodging        | 3 |  3.3
Fighting       | 1 |  1.0
Short Blades   | |  0.2
Stealth        | |  2.6
Spellcasting   | |  3.7
Conjurations   | |  1.4
Charms         | |  0.4
Summonings     | |  0.7
Ice Magic      | |  3.7

Action                   |  1- 3 |  4- 6 || total
-------------------------+-------+-------++-------
Melee: Club              |     1 |       ||     1
       Short sword       |     5 |     4 ||     9
       Dagger            |     4 |       ||     4
       Long sword        |       |     7 ||     7
 Fire: Hunting sling     |    24 |    12 ||    36
Throw: Stone             |    15 |     2 ||    17
 Cast: Freeze            |    33 |    11 ||    44
       Throw Frost       |     2 |     1 ||     3
       Ozocubu's Armour  |       |     1 ||     1
  Use: Scroll            |     4 |     1 ||     5
 Stab: Sleeping          |     4 |       ||     4
  Eat: Chunk             |     1 |     2 ||     3
Armor: Robe              |     9 |     7 ||    16
Dodge: Dodged            |    21 |    16 ||    37
